[Event "*** SCC Grand Prix: Titled Tuesday Blitz"]
[Site "Chess.com"]
[Date "2020.06.23"]
[Round "1"]
[White "GigaQuparadze"]
[Black "GianmarcoVaR"]
[Result "1-0"]
[WhiteElo "2813"]
[BlackElo "2414"]
[TimeControl "180+1"]
[EndTime "10:05:32 PDT"]
[Termination "GigaQuparadze won on time"]

1. e4 c6 2. Nf3 d5 3. Nc3 dxe4 4. Nxe4 Nf6 5. Nxf6+ exf6 6. Bc4 Bd6 7. O-O O-O 8.
d4 Bg4 9. c3 Nd7 10. h3 Bh5 11.
Bd3 Re8 12. Be3 Bc7 13. Re1 Nf8 14. Bf1 Qd5 15. g4 Bg6 16. Bg2 Be4 17. c4 Qd6 18.
b3 Bxf3 19. Qxf3 Qh2+ 20. Kf1 Ng6 21. g5 f5 22. h4 Nxh4 23. Qh3 Qxh3 24. Bxh3 f4 25.
Bd2 Nf3 26. Rxe8+ Rxe8 27. Bc3 Nxg5 28. Bf5 g6 29. Bd3 h5 30. d5 cxd5 31. cxd5 Bd6 32. Bf6 Nf3 33. Bb5 Rc8 34. Kg2 Ne5 35. Re1 Ng4 36. Bd7 Rb8 37. Bxg4 hxg4 38. Rh1 f3+ 39. Kf1 1-0

[Event "*** SCC Grand Prix: Titled Tuesday Blitz"]
[Site "Chess.com"]
[Date "2020.06.23"]
[Round "1"]
[White "Mikhal867"]
[Black "Tooweak2slow03"]
[Result "0-1"]
[WhiteElo "2321"]
[BlackElo "2650"]
[TimeControl "180+1"]
[EndTime "10:05:33 PDT"]
[Termination "Tooweak2slow03 won by checkmate"]

1. c4 e6 2. g3 Nf6 3. Bg2 d5 4.
Nf3 d4 5. O-O c5 6. e3 Nc6 7.
exd4 cxd4 8. Re1 Bd6 9. d3 O-O 10. Na3 a6 11. Nc2 e5 12. b4 Re8 13. c5 Bc7 14.
Bg5 h6 15. Bxf6 Qxf6 16. Nfxd4 Ne7 17. Nb3 Rd8 18. d4 exd4 19. Ncxd4 Nf5 20. Nxf5 Rxd1 21. Raxd1 Bxf5 22. Bxb7 Rb8 23. c6 Bh3 24. Re3 Bb6 25. Nc5 a5 26. a3 axb4 27. axb4 Bxc5 28. bxc5 Rd8 29. Rde1 Rd2 30. c7 Qxf2+ 31. Kh1 Qxh2# 0-1

[Event "*** SCC Grand Prix: Titled Tuesday Blitz"]
[Site "Chess.com"]
[Date "2020.06.23"]
[Round "1"]
[White "DonBroca"]
[Black "DenishevM"]
[Result "0-1"]
[WhiteElo "2144"]
[BlackElo "2523"]
[TimeControl "180+1"]
[EndTime "10:05:33 PDT"]
[Termination "DenishevM won by resignation"]

1. c4 Nf6 2. Nc3 c5 3. e3 d5 4. d4 e6 5. Nf3 Nc6 6. Be2 dxc4 7. Bxc4 a6 8. O-O b5 9. Be2 Bb7 10. dxc5 Bxc5 11. Bd2 O-O 12. a3 Qe7 13. Rc1 Rfd8 14. Qe1 Rac8 15. b4 Ba7 16. h3 Rd7 17. Nd1 Rcd8 18.
Bc3 Bb8 19. Nb2 Ne4 20. Rd1 Rxd1 21. Bxd1 Qc7 22. Bc2 Ng5 23. Bxh7+ Nxh7 24. Qb1 Ng5 25. Rd1 Nxf3+ 26. gxf3 Qh2+ 27. Kf1 Qxh3+ 28. Ke2 Rxd1 29.
Qxd1 e5 30. Qd7 Qxd7 0-1

[Event "*** SCC Grand Prix: Titled Tuesday Blitz"]
[Site "Chess.com"]
[Date "2020.06.23"]
[Round "1"]
[White "stolencandy13"]
[Black "nrvisakh"]
[Result "0-1"]
[WhiteElo "2403"]
[BlackElo "2790"]
[TimeControl "180+1"]
[EndTime "10:05:34 PDT"]
[Termination "nrvisakh won by resignation"]

1. e4 c5 2. Nf3 d6 3. d4 cxd4 4. Nxd4 Nf6 5. Nc3 e6 6. Bg5 h6 7. Be3 a6 8. Qf3 Qc7 9. O-O-O b5 10. e5 Bb7 11. Qg3 dxe5 12. Bxb5+ axb5 13. Ndxb5 Qa5 14. Qxe5 Be7 15. Nd6+ Bxd6 16. Qxd6 Nbd7 17. Kb1 Ra6 18. Qg3 O-O 19. Bxh6 Nh5 20. Qe3 Ndf6 21. Bg5 Nd5 22. Nxd5 Qxa2+ 23. Kc1 Bxd5 0-1

[Event "*** SCC Grand Prix: Titled Tuesday Blitz"]
[Site "Chess.com"]
[Date "2020.06.23"]
[Round "1"]
[White "baby_leo"]
[Black "ElviraBerend"]
[Result "0-1"]
[WhiteElo "1954"]
[BlackElo "2487"]
[TimeControl "180+1"]
[EndTime "10:05:34 PDT"]
[Termination "ElviraBerend won by checkmate"]

1. Nf3 Nf6 2. d3 g6 3. e4 d6 4. Nbd2 Bg7 5. Be2 c5 6. O-O O-O 7. c3 Nc6 8. a4 a6 9. Qc2 Bd7 10.
Re1 Rc8 11. b3 b5 12. Bb2 Qb6 13. Bf1 Ng4 14. h3 Nge5 15. Kh2 f5 16. exf5 Bxf5 17. g4 Bxg4 18. Nxe5 Nxe5 19. hxg4 Nxg4+ 20. Kg3 h5 21. Ne4 d5 22. c4 Qc7+ 23. Kh4 Qh2+ 24. Bh3 dxe4 25.
Rh1 Qf4 26. Bc1 Bf6# 0-1

[Event "*** SCC Grand Prix: Titled Tuesday Blitz"]
[Site "Chess.com"]
[Date "2020.06.23"]
[Round "1"]
[White "Violord"]
[Black "Camels1981"]
[Result "1-0"]
[WhiteElo "2625"]
[BlackElo "2306"]
[TimeControl "180+1"]
[EndTime "10:05:36 PDT"]
[Termination "Violord won on time"]

1. e4 c5 2. Nf3 e6 3. c3 Nf6 4. e5 Nd5 5. d4 cxd4 6. cxd4 Nc6 7.
Bd3 d6 8. a3 dxe5 9. dxe5 Be7 10. O-O O-O 11. Qe2 Re8 12. h4 b6 13. Rd1 a5 14. Qe4 g6 15. h5 Ba6 16. Bxa6 Rxa6 17. Nc3 Ra7 18. Nxd5 exd5 19. Rxd5 Rd7 20. Rxd7 Qxd7 21.
Be3 Bc5 22. h6 Bxe3 23. Qxe3 Qc7 24. Rc1 Qd7 25. Qxb6 Nxe5 26. Nxe5 Rxe5 27. Qf6 1-0

[Event "*** SCC Grand Prix: Titled Tuesday Blitz"]
[Site "Chess.com"]
[Date "2020.06.23"]
[Round "1"]
[White "Falia-p"]
[Black "Sammed_Shete"]
[Result "0-1"]
[WhiteElo "2228"]
[BlackElo "2566"]
[TimeControl "180+1"]
[EndTime "10:05:36 PDT"]
[Termination "Sammed_Shete won by resignation"]

1. e4 c5 2. Nf3 Nc6 3. Bb5 g6 4. Bxc6 bxc6 5. O-O Bg7 6. d3 Nf6 7. h3 O-O 8. Nbd2 d6 9. Nc4 e5 10. Bg5 h6 11. Be3 Be6 12. b3 Nh5 13. Qc1 Kh7 14. Nh2 f5 15. exf5 gxf5 16. Rb1 d5 17. Na5 Qxa5 18. c4 d4 19. Bd2 Qd8 20. Re1 Qf6 21. b4 cxb4 22. Bxb4 Rf7 23. Bd6 e4 24. Qc2 Qg6 25.
f4 Rd8 26. c5 Bd5 27. Rb2 Rxd6 28. cxd6 Qxd6 29. dxe4 fxe4 30. Rxe4 Qg6 31. Re1 d3 32. Qf2 Rxf4 0-1

[Event "*** SCC Grand Prix: Titled Tuesday Blitz"]
[Site "Chess.com"]
[Date "2020.06.23"]
[Round "1"]
[White "Djager97"]
[Black "XxPetroffsxX"]
[Result "1-0"]
[WhiteElo "2475"]
[BlackElo "1903"]
[TimeControl "180+1"]
[EndTime "10:05:41 PDT"]
[Termination "Djager97 won by checkmate"]

1. e4 c6 2. d4 d5 3. Nc3 dxe4 4. Nxe4 Bf5 5. Ng3 Bg6 6. Nf3 Nd7 7. h4 h6 8. h5 Bh7 9. Bd3 Bxd3 10. Qxd3 Ngf6 11. Bd2 e6 12. O-O-O Bd6 13. Ne4 Nxe4 14. Qxe4 Nf6 15. Qe2 Qc7 16. c4 Bf4 17. Kb1 Bxd2 18. Rxd2 Rd8 19. Ne5 O-O 20. f4 c5 21. g4 Rxd4 22. Rxd4 cxd4 23. g5 hxg5 24. fxg5 Nd7 25. Nd3 Qg3 26. h6 Qe3 27. Qf1 Qe4 28. hxg7 Kxg7 29.
Qh3 Qg6 30. Ka1 Rg8 31. Nf4 Qf5 32. Qh6# 1-0

[Event "*** SCC Grand Prix: Titled Tuesday Blitz"]
[Site "Chess.com"]
[Date "2020.06.23"]
[Round "1"]
[White "praveenb2002"]
[Black "ShahMatKanal"]
[Result "1-0"]
[WhiteElo "2785"]
[BlackElo "2400"]
[TimeControl "180+1"]
[EndTime "10:05:42 PDT"]
[Termination "praveenb2002 won by checkmate"]

1. e4 c6 2. d4 d5 3. e5 Bf5 4. Nf3 e6 5. Be2 Nd7 6. O-O Ne7 7. Nbd2 Rc8 8. Nb3 a6 9. c3 c5 10. dxc5 Nxc5 11. Nxc5 Rxc5 12. Be3 Rc8 13. Nd4 Bg6 14. Rc1 Nc6 15. Nxc6 bxc6 16. Bxa6 Rb8 17. b4 Be7 18. a4 O-O 19. Bd3 Qc7 20. Bxg6 fxg6 21. f4 c5 22. b5 Qa5 23. Qc2 Rfd8 24. c4 Ra8 25.
Ra1 g5 26. fxg5 Qc7 27. Bf4 Ra7 28. Rfb1 Qb6 29. Bd2 Rda8 30. a5 Rxa5 31. Bxa5 Rxa5 32. Rxa5 Qxa5 33. b6 Qa8 34. b7 Qb8 35. Qa4 Bd8 36. Qe8# 1-0

[Event "*** SCC Grand Prix: Titled Tuesday Blitz"]
[Site "Chess.com"]
[Date "2020.06.23"]
[Round "1"]
[White "OparinGrigoriy"]
[Black "Thej11"]
[Result "1-0"]
[WhiteElo "2905"]
[BlackElo "2428"]
[TimeControl "180+1"]
[EndTime "10:05:43 PDT"]
[Termination "OparinGrigoriy won by resignation"]

1. d4 d5 2. c4 e6 3. Nf3 Nf6 4. Nc3 Be7 5. Bg5 h6 6. Bh4 O-O 7. Qc2 c5 8. e3 cxd4 9. Nxd4 e5 10. Nf3 d4 11. O-O-O Nc6 12. exd4 exd4 13. Nb5 Bc5 14. Qd2 Bg4 15. Qf4 Bxf3 16. gxf3 a6 17. Rg1 Kh8 18. Bd3 Rg8 19. Rxg7 Kxg7 20. Bxf6+ Qxf6 21.
Rg1+ 1-0

[Event "*** SCC Grand Prix: Titled Tuesday Blitz"]
[Site "Chess.com"]
[Date "2020.06.23"]
[Round "1"]
[White "Micki-taryan"]
[Black "2nd_life"]
[Result "1-0"]
[WhiteElo "3020"]
[BlackElo "2464"]
[TimeControl "180+1"]
[EndTime "10:05:44 PDT"]
[Termination "Micki-taryan won by resignation"]

1. d4 Nf6 2. Nf3 e6 3. c4 b6 4.
Nc3 Bb4 5. Bg5 h6 6. Bh4 g5 7. Bg3 Ne4 8. Nd2 Nxc3 9. bxc3 Bxc3 10. e3 Bxa1 11. Qxa1 d6 12. h4 Bb7 13. hxg5 Qxg5 14. c5 Ba6 15. cxd6 cxd6 16. Qc3 Kd7 17. Bxa6 Nxa6 18.
Qa3 Qd5 19. Qxa6 Qxg2 20. Rf1 Qc6 21. Ke2 h5 22. Nc4 h4 23. Bxd6 b5 24. Ne5+ 1-0

[Event "*** SCC Grand Prix: Titled Tuesday Blitz"]
[Site "Chess.com"]
[Date "2020.06.23"]
[Round "1"]
[White "mr65"]
[Black "ENEASZ"]
[Result "0-1"]
[WhiteElo "2097"]
[BlackElo "2507"]
[TimeControl "180+1"]
[EndTime "10:05:44 PDT"]
[Termination "ENEASZ won on time"]

1. e4 d6 2. Nc3 Nf6 3. Nf3 e5 4. d4 Nbd7 5. Bc4 Be7 6. O-O O-O 7. a4 c6 8. Be3 b6 9. h3 a6 10. Bb3 Rb8 11. dxe5 dxe5 12. Re1 Qc7 13. Qe2 Nc5 14. Bxc5 Bxc5 15. Red1 b5 16. axb5 axb5 17. Ra2 h6 18.
Rda1 Re8 19. Ra8 Rxa8 20. Rxa8 Qb7 21. Ra1 Kh7 22. Rd1 g6 23. Kf1 Kg7 24. h4 Nh5 25.
Qd2 Bg4 26. Ne2 Qa7 27. Ng3 Nf4 28. Nh2 Bxd1 29. Qxd1 Bxf2 30. Nh1 Bxh4 31. g3 Qe3 32. gxf4 Qxf4+ 33. Nf3 Qxe4 34. c3 Rd8 0-1

[Event "*** SCC Grand Prix: Titled Tuesday Blitz"]
[Site "Chess.com"]
[Date "2020.06.23"]
[Round "1"]
[White "konradrutkowski"]
[Black "Msb2"]
[Result "0-1"]
[WhiteElo "2417"]
[BlackElo "2825"]
[TimeControl "180+1"]
[EndTime "10:05:45 PDT"]
[Termination "Msb2 won by resignation"]

1. e4 e6 2. d4 d5 3. Nc3 Nf6 4.
e5 Nfd7 5. f4 c5 6. Nf3 Nc6 7.
Be3 a6 8. Qd2 b5 9. dxc5 Bxc5 10. Bxc5 Nxc5 11. Qf2 Qb6 12. Bd3 b4 13. Ne2 a5 14. O-O Ba6 15. Rfd1 h6 16. Ned4 Ne4 17. Qe3 O-O 18. Bxe4 dxe4 19. Qxe4 Bb7 20. Kh1 Rad8 21. Nxc6 Bxc6 22. Qe2 Bb5 23. Qe4 Qc5 24. Nd4 Bc4 25.
Nb3 Qc7 26. Nxa5 Bd5 27. Qxb4 Bxg2+ 28. Kxg2 Qxc2+ 29. Kg3 Rxd1 30. Rxd1 Qxd1 31. Nc4 Qg1+ 32. Kf3 Rc8 33. b3 Qxh2 34. a4 Qh3+ 35. Kf2 h5 36. a5 h4 37. a6 Qg3+ 38. Ke2 Qg2+ 39.
Ke3 h3 40. Qb7 Qxb7 41. axb7 Rb8 0-1

[Event "*** SCC Grand Prix: Titled Tuesday Blitz"]
[Site "Chess.com"]
[Date "2020.06.23"]
[Round "1"]
[White "dawtonlms"]
[Black "maciek_92"]
[Result "1/2-1/2"]
[WhiteElo "2382"]
[BlackElo "2713"]
[TimeControl "180+1"]
[EndTime "10:05:48 PDT"]
[Termination "Game drawn by repetition"]

1. e4 c5 2. Nf3 Nc6 3. Bb5 e6 4. O-O Nge7 5. Re1 a6 6. Bf1 d5 7.
d3 g6 8. Nc3 Bg7 9. Bg5 h6 10.
Bh4 O-O 11. exd5 exd5 12. Nxd5 Qxd5 13. Bxe7 Nxe7 14. Rxe7 Be6 15. c4 Qc6 16. d4 Bf6 17. d5 Qd6 18. Rxb7 Bc8 19. Rb3 Re8 20. Qd2 Kg7 21. Re1 Rxe1 22. Qxe1 Bg4 23. Qe4 Bf5 24. Qe3 Bd7 25. Qd2 Re8 26. Re3 Rb8 27. b3 g5 28.
h3 Ra8 29. Qa5 Bd8 30. Qc3+ Bf6 31. Qa5 Bd8 32. Qc3+ Bf6 33. Qa5 1/2-1/2

[Event "*** SCC Grand Prix: Titled Tuesday Blitz"]
[Site "Chess.com"]
[Date "2020.06.23"]
[Round "1"]
[White "Willychess95"]
[Black "Vandros57"]
[Result "1-0"]
[WhiteElo "2552"]
[BlackElo "2198"]
[TimeControl "180+1"]
[EndTime "10:05:48 PDT"]
[Termination "Willychess95 won by resignation"]

1. e4 c5 2. Nf3 e6 3. d4 cxd4 4.
Nxd4 Nf6 5. Nc3 Nc6 6. Ndb5 Bb4 7. a3 Bxc3+ 8. Nxc3 d5 9. exd5 exd5 10. Bd3 O-O 11. O-O d4 12. Ne4 Bf5 13. Bg5 Bxe4 14. Bxe4 h6 15. Bh4 g5 16. Bxc6 bxc6 17. Bg3 Qd5 18. Re1 Rfe8 19. Qd3 Ne4 20. h4 Nxg3 21. Qxg3 Kg7 22. Rad1 c5 23. hxg5 hxg5 24. Qc7 Rab8 25. b3 a6 26. Re7 Rxe7 27. Qxe7 Rb6 28. Re1 Rf6 29. Re5 Qd6 30. Rxg5+ Rg6 31. Qxd6 1-0

[Event "*** SCC Grand Prix: Titled Tuesday Blitz"]
[Site "Chess.com"]
[Date "2020.06.23"]
[Round "1"]
[White "rasmussvane"]
[Black "Alopekos"]
[Result "1-0"]
[WhiteElo "2899"]
[BlackElo "2448"]
[TimeControl "180+1"]
[EndTime "10:05:49 PDT"]
[Termination "rasmussvane won by resignation"]

1. Nf3 c5 2. c4 d6 3. d4 cxd4 4.
Nxd4 Nf6 5. Nc3 g6 6. g3 Bg7 7.
Bg2 O-O 8. O-O Nc6 9. Nxc6 bxc6 10. Bxc6 Rb8 11. Bg2 Be6 12. b3 Nd7 13. Bd2 Nc5 14. Rc1 a5 15. Nb5 Bd7 16. a4 e6 17. Bf4 d5 18.
Bxb8 Qxb8 19. cxd5 exd5 20. Rxc5 d4 21. Nxd4 Be6 22.
Nxe6 fxe6 23. Qd7 Qxb3 24. Bh3 Qb4 25. Rc7 Qb2 26. Bxe6+ Kh8 27. Rc8 Qf6 28. Rxf8+ Qxf8 29.
Rc1 Qf6 30. Rc8+ Bf8 31. Rxf8+ Qxf8 32. Qd4+ 1-0

[Event "*** SCC Grand Prix: Titled Tuesday Blitz"]
[Site "Chess.com"]
[Date "2020.06.23"]
[Round "1"]
[White "GuerrieroFromLevant"]
[Black "Chepaschess"]
[Result "0-1"]
[WhiteElo "2414"]
[BlackElo "2813"]
[TimeControl "180+1"]
[EndTime "10:05:49 PDT"]
[Termination "Chepaschess won by resignation"]

1. e4 d5 2. exd5 Qxd5 3. Nc3 Qd6 4. Bc4 Nf6 5. d4 a6 6. Nf3 b5 7. Bb3 e6 8. O-O Be7 9. Ne5 Bb7 10. Bf4 c5 11. Ng6 Qxd4 12. Nxh8 Qxf4 13. a4 c4 14. Ba2 b4 15. Ne2 Qg5 16. Ng3 Nc6 17. Bxc4 Ne5 18.
f4 Bc5+ 19. Kh1 Qh4 20. fxe5 Ng4 21. Qxg4 Qxg4 22. Be2 Qh3 23. Bf3 Bxf3 24. Rxf3 Qg4 25. Nxf7 Rc8 26. Raf1 Qg6 27. Ne2 Ke7 28. h4 Qxc2 29.
Ng3 Rf8 30. Ng5 Rxf3 31. Rxf3 h6 32. N5e4 Qxb2 33. Nxc5 Qc1+ 34. Nf1 Qxc5 0-1

[Event "*** SCC Grand Prix: Titled Tuesday Blitz"]
[Site "Chess.com"]
[Date "2020.06.23"]
[Round "1"]
[White "Maksimus1998"]
[Black "MuhittinBuker"]
[Result "1-0"]
[WhiteElo "2476"]
[BlackElo "1905"]
[TimeControl "180+1"]
[EndTime "10:05:49 PDT"]
[Termination "Maksimus1998 won on time"]

1. e4 e5 2. Nf3 Nc6 3. Bb5 a6 4. Ba4 Nf6 5. O-O Be7 6. Bxc6 dxc6 7. d3 Nd7 8. Nbd2 O-O 9. b3 Bf6 10. Bb2 Re8 11. Nc4 c5 12. a4 b6 13. h3 Bb7 14.
Qd2 g6 15. Nh2 Bg7 16. f4 f6 17. fxe5 Nxe5 18. Nxe5 fxe5 19. Qe3 Qe7 20. Ng4 Rf8 21.
Qg3 Rae8 22. Rxf8+ Kxf8 23. Rf1+ Kg8 24. Bc1 Bc8 25.
Nh6+ Bxh6 26. Bxh6 Bd7 27. Bg5 Qd6 28. Qh4 Rf8 29. Rxf8+ Qxf8 30. Bf6 Qd6 31. Qg5 1-0

[Event "*** SCC Grand Prix: Titled Tuesday Blitz"]
[Site "Chess.com"]
[Date "2020.06.23"]
[Round "1"]
[White "RaunakSadhwani2005"]
[Black "Irishchessman16"]
[Result "1-0"]
[WhiteElo "2890"]
[BlackElo "2444"]
[TimeControl "180+1"]
[EndTime "10:05:50 PDT"]
[Termination "RaunakSadhwani2005 won by resignation"]

1. c4 e5 2. Nc3 Bb4 3. Nd5 a5 4. Nf3 d6 5. a3 Bc5 6. e3 Nf6 7. d4 Nxd5 8. dxc5 Ne7 9. cxd6 cxd6 10. Be2 O-O 11. O-O Na6 12. b3 Nc5 13. Bb2 a4 14. b4 Nb3 15. Ra2 Be6 16. Nd2 Nxd2 17. Qxd2 b5 18. Rd1 bxc4 19. Raa1 Ra6 20. Bxe5 d5 21. Bxc4 Nc6 22. Bxa6 Nxe5 23. Be2 Qf6 24. Qd4 Rc8 25.
f4 Nc4 26. Bxc4 Rxc4 27. Qxf6 gxf6 28. Rac1 Re4 29. Rc3 Kf8 30. Rd4 1-0

[Event "*** SCC Grand Prix: Titled Tuesday Blitz"]
[Site "Chess.com"]
[Date "2020.06.23"]
[Round "1"]
[White "Chuchofrio1"]
[Black "manitodeplomo"]
[Result "1-0"]
[WhiteElo "2228"]
[BlackElo "2546"]
[TimeControl "180+1"]
[EndTime "10:05:50 PDT"]
[Termination "Chuchofrio1 won by resignation"]

1. d4 d5 2. c4 c6 3. cxd5 cxd5 4. Bf4 Nc6 5. e3 Bf5 6. Nc3 e6 7. Qb3 Qd7 8. Nf3 Bd6 9. Ne5 Bxe5 10. Bxe5 Nf6 11. Bb5 O-O 12. Bxf6 gxf6 13. O-O Rfc8 14.
Na4 Rc7 15. Nc5 Qe7 16. Rac1 Rac8 17. Qa4 a6 18. Bxc6 Rxc6 19. Rc3 b6 20. Nb3 Rxc3 21. bxc3 Bd3 22. Rc1 Bb5 23. Qb4 Qd7 24. a4 Rc4 25. Qa3 Rxa4 26. Qb2 Bc4 27. Nd2 Qb5 28.
Nxc4 dxc4 29. Qe2 Qf5 30. e4 b5 31. exf5 1-0

[Event "*** SCC Grand Prix: Titled Tuesday Blitz"]
[Site "Chess.com"]
[Date "2020.06.23"]
[Round "1"]
[White "GeorgMeier"]
[Black "PlotnikovPavel"]
[Result "1-0"]
[WhiteElo "2904"]
[BlackElo "2449"]
[TimeControl "180+1"]
[EndTime "10:05:51 PDT"]
[Termination "GeorgMeier won by resignation"]

1. Nf3 e6 2. e4 d5 3. exd5 exd5 4. d4 Bd6 5. Bd3 Ne7 6. O-O O-O 7. Re1 Bf5 8. Bg5 f6 9. Bh4 Bxd3 10. Qxd3 c6 11. Nbd2 Nd7 12. Re6 Nb6 13. Rae1 Ng6 14. Bg3 Nf4 15.
Qe3 g5 16. Bxf4 Bxf4 17. Qd3 Rf7 18. Nf1 Nc4 19. b3 Nb6 20. g3 Bd6 21. Ne3 Bf8 22.
h4 Bg7 23. Nf5 Nd7 24. Re8+ Qxe8 25. Rxe8+ Rxe8 26. Nd6 Rfe7 27. hxg5 fxg5 28. Nxe8 Rxe8 29. Nxg5 Nf6 30. Qf5 Re7 31. Ne6 Bh8 32. c4 Kf7 33.
cxd5 cxd5 34. Nf4 Rd7 35. g4 Kg8 36. g5 Ne4 37. Qxd7 1-0

[Event "*** SCC Grand Prix: Titled Tuesday Blitz"]
[Site "Chess.com"]
[Date "2020.06.23"]
[Round "1"]
[White "XiaoKangZhong"]
[Black "Maghalashvili"]
[Result "1/2-1/2"]
[WhiteElo "2411"]
[BlackElo "2786"]
[TimeControl "180+1"]
[EndTime "10:05:51 PDT"]
[Termination "Game drawn by agreement"]

1. e4 c5 2. c3 d6 3. d4 Nf6 4. Bd3 Nc6 5. Nf3 g6 6. O-O Bg7 7. d5 Nb8 8. h3 O-O 9. Qe2 e6 10. c4 exd5 11. cxd5 Re8 12. Nc3 Na6 13.
Bxa6 bxa6 14. Bg5 h6 15. Bh4 Rb8 16. b3 g5 17. Bg3 Nh5 18. Rac1 Nxg3 19. fxg3 f5 20.
Nd2 Rb4 21. Nc4 Bxc3 22. Rxc3 Rxe4 23. Re3 Qe7 24. Rxe4 fxe4 25. g4 Bd7 26. Re1 Bb5 27. Qxe4 Qxe4 28. Rxe4 Bxc4 29. Rxc4 Rxc4 30. bxc4 Kf7 31.
Kf2 Kf6 32. g3 Ke5 33. Ke3 a5 34. Kd3 a4 35. Ke3 Kf6 36. Ke4 Kg6 37. h4 Kf6 38. h5 Ke7 39. Kf5 Kf7 40. a3 a6 41.
Ke4 1/2-1/2

[Event "*** SCC Grand Prix: Titled Tuesday Blitz"]
[Site "Chess.com"]
[Date "2020.06.23"]
[Round "1"]
[White "vovachesss"]
[Black "GMJustin"]
[Result "1-0"]
[WhiteElo "2609"]
[BlackElo "2277"]
[TimeControl "180+1"]
[EndTime "10:05:53 PDT"]
[Termination "vovachesss won on time"]

1. d4 d5 2. Nc3 Nf6 3. Bf4 a6 4. Nf3 e6 5. e3 c5 6. a3 c4 7. e4 b5 8. e5 Nfd7 9. h4 Be7 10. h5 h6 11. Rh3 Nc6 12. Rg3 Kf8 13. Qd2 Rb8 14.
Na2 a5 15. Nh2 b4 16. Ng4 c3 17. bxc3 bxa3 18. Be2 Nb6 19. Nxh6 gxh6 20. Bxh6+ Ke8 21.
Bg7 Nc4 22. Qf4 Rh7 23. h6 1-0

[Event "*** SCC Grand Prix: Titled Tuesday Blitz"]
[Site "Chess.com"]
[Date "2020.06.23"]
[Round "1"]
[White "shnitez"]
[Black "gumimis"]
[Result "1-0"]
[WhiteElo "2522"]
[BlackElo "2139"]
[TimeControl "180+1"]
[EndTime "10:05:56 PDT"]
[Termination "shnitez won by resignation"]

1. d4 Nf6 2. c4 g6 3. Nc3 Bg7 4. e4 O-O 5. Nf3 d6 6. Be2 Na6 7. O-O e5 8. d5 Nc5 9. Qc2 a5 10. b3 Ne8 11. Ne1 f5 12. f3 Nf6 13. Nd3 fxe4 14. Nxc5 exf3 15. Nxb7 Bxb7 16. Bxf3 Nd7 17. Ne4 Qe7 18. Bg5 Nf6 19. Bg4 h6 20. Be6+ Kh7 21. Bh4 Kh8 22. Rf3 g5 23. Nxg5 hxg5 24. Bxg5 Qe8 25.
Raf1 Nh5 26. Rxf8+ Bxf8 27. Qf5 Bc8 28. Qxf8+ Qxf8 29. Rxf8+ Kg7 30. Rxc8 1-0

[Event "*** SCC Grand Prix: Titled Tuesday Blitz"]
[Site "Chess.com"]
[Date "2020.06.23"]
[Round "1"]
[White "Artem_Koval"]
[Black "Gareth-Bale11"]
[Result "1-0"]
[WhiteElo "2412"]
[BlackElo "2740"]
[TimeControl "180+1"]
[EndTime "10:05:57 PDT"]
[Termination "Artem_Koval won by resignation"]

1. e4 c6 2. Nc3 d6 3. d4 Nd7 4.
Nf3 e5 5. Bc4 Be7 6. O-O Ngf6 7.
a4 O-O 8. h3 Qc7 9. Bg5 h6 10.
Bh4 Rb8 11. a5 Re8 12. Qe2 b5 13. axb6 axb6 14. Ba2 b5 15. Qe3 exd4 16. Nxd4 Nc5 17. Rae1 b4 18. Nce2 Ncxe4 19. f3 Nc5 20. Bxf6 gxf6 21.
Qxh6 d5 22. Nf4 Nd7 23. Nh5 Bf8 24. Rxe8 1-0

[Event "*** SCC Grand Prix: Titled Tuesday Blitz"]
[Site "Chess.com"]
[Date "2020.06.23"]
[Round "1"]
[White "kinga2008"]
[Black "Valuebet2000"]
[Result "0-1"]
[WhiteElo "2159"]
[BlackElo "2534"]
[TimeControl "180+1"]
[EndTime "10:05:58 PDT"]
[Termination "Valuebet2000 won by resignation"]

1. e4 c6 2. d4 d5 3. e5 Bf5 4. Nc3 e6 5. g4 Bg6 6. Nge2 c5 7.
Nf4 Nc6 8. Be3 a6 9. h4 cxd4 10. Bxd4 Bxc2 11. Qxc2 Nxd4 12. Qa4+ Nc6 13. g5 Qa5 14.
Qxa5 Nxa5 15. O-O-O Nc6 16. Re1 Bb4 17. h5 Nge7 18. Bd3 d4 19. a3 dxc3 20. axb4 cxb2+ 21. Kxb2 Nxb4 22. Be4 Nbd5 23. Nxd5 exd5 24. Bg2 O-O 25. Rd1 Rfd8 26. Rd2 Rac8 27. Rhd1 Rc5 28. f4 g6 29. h6 b5 30. Rc2 Rdc8 31. Rxc5 Rxc5 32. Kb3 a5 33. Ra1 Nc6 34. Rd1 a4+ 35. Ka3 Rc3+ 36. Kb2 b4 37. Bxd5 a3+ 38. Ka1 Kf8 39. Bxc6 Rxc6 40.
Ka2 Rc2+ 41. Kb3 Rb2+ 42. Kc4 a2 0-1

[Event "*** SCC Grand Prix: Titled Tuesday Blitz"]
[Site "Chess.com"]
[Date "2020.06.23"]
[Round "1"]
[White "NormWeinstein"]
[Black "RianKapriaga"]
[Result "1-0"]
[WhiteElo "2536"]
[BlackElo "2162"]
[TimeControl "180+1"]
[EndTime "10:05:59 PDT"]
[Termination "NormWeinstein won by resignation"]

1. e4 e5 2. Nf3 Nc6 3. Bb5 a6 4. Ba4 Nf6 5. O-O Be7 6. d4 exd4 7. Re1 O-O 8. e5 Nd5 9. Nxd4 Nb6 10. Bb3 Nxd4 11.
Qxd4 d6 12. exd6 Qxd6 13. Qxd6 Bxd6 14. Nc3 Bf5 15. Be3 Rad8 16. Rad1 h6 17. h3 Rfe8 18. Ne2 Bg6 19. Nf4 Bxf4 20. Bxf4 Rxd1 21. Rxd1 c6 22. c3 Kh7 23. Be3 Nc8 24. Rd7 Re7 25. Rd8 Bf5 26. g4 Rd7 27. Rxc8 Rd1+ 28. Bxd1 Bxc8 29. Bc2+ g6 30. Kh2 Kg7 31. Bd4+ f6 32. f4 g5 33. Kg3 Kf7 34. Bb3+ Kg7 35. h4 Bd7 36. hxg5 hxg5 37. fxg5 Kg6 38. gxf6 c5 39. f7 1-0

[Event "*** SCC Grand Prix: Titled Tuesday Blitz"]
[Site "Chess.com"]
[Date "2020.06.23"]
[Round "1"]
[White "Boninknights"]
[Black "topotun"]
[Result "0-1"]
[WhiteElo "2330"]
[BlackElo "2658"]
[TimeControl "180+1"]
[EndTime "10:06:01 PDT"]
[Termination "topotun won by resignation"]

1. d4 Nf6 2. Nf3 c5 3. d5 d6 4. c4 e6 5. Nc3 exd5 6. cxd5 g6 7. Bg5 h6 8. Bh4 Bg7 9. Nd2 O-O 10. e4 Re8 11. Be2 Na6 12. O-O g5 13. Bg3 Nc7 14. a4 b6 15. f4 gxf4 16. Bxf4 Ba6 17. Bxa6 Nxa6 18. Qf3 Nb4 19. Rac1 Qe7 20. Nc4 Nxe4 21. Rce1 f5 22. Nxd6 Bd4+ 23. Kh1 Nf2+ 24. Qxf2 Bxf2 25. Rxe7 Rxe7 26. Nxf5 Re1 27. Rxe1 Bxe1 28. Nxh6+ Kh7 29. Nf5 Bxc3 30. bxc3 Nxd5 31. Bd2 Re8 32. g4 Re2 33.
Bg5 Nxc3 0-1

[Event "*** SCC Grand Prix: Titled Tuesday Blitz"]
[Site "Chess.com"]
[Date "2020.06.23"]
[Round "1"]
[White "adriangschnitzer"]
[Black "ArjunErigaisi2003"]
[Result "0-1"]
[WhiteElo "2451"]
[BlackElo "2910"]
[TimeControl "180+1"]
[EndTime "10:06:02 PDT"]
[Termination "ArjunErigaisi2003 won by resignation"]

1. e4 e6 2. c4 d5 3. cxd5 exd5 4.
Qb3 Ne7 5. e5 c5 6. Nf3 Nbc6 7.
Bb5 a6 8. Bxc6+ Nxc6 9. O-O Be7 10. Nc3 c4 11. Qc2 Bg4 12. Re1 Qd7 13. d3 Bxf3 14.
gxf3 Nb4 15. Qd1 Nxd3 16. Re2 O-O 17. f4 Qg4+ 18. Kh1 Bc5 19. Qg1 Qf3+ 20. Qg2 Nxf2+ 21. Kg1 Nd3+ 22. Kh1 Qxg2+ 23. Kxg2 Rad8 24. Kf3 b5 25. Nd1 d4 26. b3 c3 27. a3 Nxc1 28. Rxc1 d3 29. Rg2 c2 30. Nb2 Bxa3 31. Nxd3 Rxd3+ 32. Ke4 Bxc1 33. Kxd3 Bxf4 34. Rxc2 Bxe5 0-1